 Dungeon Crawl Stone Soup version 0.30-a0-509-gd016549fea (webtiles) character file.

Game seed: 16840063975052438801

1992 oldriver the Covert (level 9, -8/77 (81) HPs)
             Began as a Naga Artificer on Dec 22, 2022.
             Was an Initiate of Wu Jian.
             Mangled by a wight
             ... wielding a +2 scimitar
              (9 damage)
             ... on level 7 of the Dungeon.
             The game lasted 00:14:18 (7446 turns).

oldriver the Covert (Naga Artificer)                Turns: 7446, Time: 00:14:18

HP:   -8/77 (81)    AC:  5    Str: 12 (14) XL:     9   Next: 21%
MP:   9/9           EV: 10    Int: 10 (13) God:    Wu Jian [......]
Gold: 390           SH:  0    Dex: 21 (24) Spells: 8/8 levels left

rFire   . . .      SeeInvis +    a - +8 quick blade of Upheaval {vorpal, Fly Will+ rCorr Dex+9}
rCold   + . .      Faith    .    (no shield)
rNeg    . . .      Spirit   .    b - +1 leather armour
rPois   +          Reflect  .    (no helmet)
rElec   .          Harm     .    (no cloak)
rCorr   +          Rampage  .    (no gloves)
Will    ++...                    (no barding)
Stlth   +++++.....               (no amulet)
HPRegen 0.32/turn                u - ring of protection from cold
MPRegen 0.11/turn                (no ring)

@: flying, lightly drained, very slow
A: AC +3, large, see invisible, deformed body, poison resistance, slowness 2,
spit poison 1, naga tail 1
a: Spit Poison, Renounce Religion


You were on level 7 of the Dungeon.
You worshipped Wu Jian.
Wu Jian was noncommittal.
You visited 2 branches of the dungeon, and saw 8 of its levels.

You collected 390 gold pieces.

Inventory:

Hand Weapons
 a - the +8 quick blade of Upheaval (weapon) {vorpal, Fly Will+ rCorr Dex+9}
   (You acquired it on level 7 of the Dungeon)

   It inflicts extra damage upon your enemies.
   Dex:       It affects your dexterity (+9).
   Fly:       It grants you flight.
   rCorr:     It protects you from acid and corrosion.
   Will:      It increases your willpower.
Missiles
 s - 19 poisoned darts
Armour
 b - a +1 leather armour (worn)
Jewellery
 u - a ring of protection from cold (left hand)
Wands
 d - a wand of charming (15)
 e - a wand of iceblast (3)
 v - a wand of roots (6)
Scrolls
 g - 2 scrolls of enchant armour
 i - 2 scrolls of identify
 q - 4 scrolls of poison
Potions
 f - 3 potions of curing
 h - 2 potions of mutation
 k - 2 potions of resistance
 m - a potion of flight {unknown}
 n - 2 potions of degeneration
 o - 2 potions of haste {unknown}
 r - a potion of ambrosia {unknown}
 t - a potion of brilliance {unknown}
 w - a potion of cancellation {unknown}


   Skills:
 + Level 5.4 Fighting
 * Level 4.7 Short Blades
 - Level 2.0 Armour
 - Level 2.0 Dodging
 - Level 12.0 Stealth
 - Level 5.0 Evocations


You had 8 spell levels left.
You didn't know any spells.
Your spell library contained the following spells:

 Spells                   Type           Power      Damage    Failure   Level
 Foxfire                  Conj/Fire      0%         2x1d4     43%         1
 Slow                     Hex            0%         N/A       43%         1
 Cigotuvi's Dreadful Rot  Necr/Pois/Air  0%         N/A       58%         2
 Poisonous Vapours        Pois/Air       0%         N/A       58%         2
 Confusing Touch          Hex            0%         N/A       82%         3
 Mephitic Cloud           Conj/Pois/Air  0%         N/A       82%         3
 Vampiric Draining        Necr           0%         2d6       82%         3
 Fireball                 Conj/Fire      0%         3d3       100%        5
 Starburst                Conj/Fire      0%         6d3       100%        6


Dungeon Overview and Level Annotations

Branches:
Dungeon (7/15)             Temple (1/1) D:6

Altars:
Ashenzari
Dithmenos
Elyvilon
Gozag
Makhleb
Nemelex Xobeh
Okawaru
Ru
Sif Muna
Trog
Uskayaw
Vehumet
Wu Jian
Xom
Yredelemnul
The Shining One

Shops:
D:4 [(=((   D:5 (


Innate Abilities, Weirdness & Mutations

Your serpentine skin is tough. (AC +3)
You have supernaturally acute eyesight. (SInv)
Armour fits poorly on your strangely shaped body.
Your system is resistant to poisons. (rPois)
You cover ground very slowly.
You can spit poison.
You have a snake-like lower body.


Message History

The wight hits you with a +2 scimitar.
You feel drained. The wight hits you with a +2 scimitar!
You lunge at the wight, in a flurry of attacks.
You hit the wight.
The wight is heavily damaged.
You hit the wight.
The wight is severely damaged.
You puncture the wight!
You destroy the wight!
The Council accepts your kill. The wight hits you with a +2 scimitar!
The wight attacks as you move away!
The wight hits you with a +2 scimitar! x2
Things that are here:
a +0 great sword; a +0 robe The wight attacks as you move away!
The wight hits you with a +2 scimitar!
* * * LOW HITPOINT WARNING * * *
You feel drained.
* * * LOW HITPOINT WARNING * * *
The wight barely misses you.
You closely miss the wight. The wight closely misses you.
The wight hits you with a +3 short sword!
* * * LOW HITPOINT WARNING * * *
Okay, then.
You feel better. The wight hits you with a +2 scimitar!
* * * LOW HITPOINT WARNING * * *
The wight hits you with a +3 short sword!
* * * LOW HITPOINT WARNING * * *
You feel drained.
* * * LOW HITPOINT WARNING * * *
Okay, then.
Press: ? - help, v - describe, . - travel
Here: a wight, wielding a +3 short sword and wearing a +0 robe The floor.
Unknown command.
Okay, then.
It was a potion of degeneration.
There was something very wrong with that liquid.
You feel weakened.
You feel dopey.
You feel clumsy. The wight hits you with a +2 scimitar!
You die...

#......# #......#
#......# #......#
##+####......#
#.....#......#
#.....#......#####
#.z...#####'#....#
#@z)....)...#....#
########....#....#
#.....#######....#
#.....#...........
#.....#...........
#.....#...........
#.....#...........
#.....#....##'##..
#...>.'....#...##+


You could see 2 wights.

Vanquished Creatures
  Menkaure (D:6)
  4 ice beasts
  An orc warrior (D:6)
  A sky beast (D:6)
  An ogre (D:4)
  3 bullfrogs
  3 scorpions (D:6)
  9 wights
  A howler monkey (D:7)
  A hound (D:4)
  2 jellies
  An orc priest (D:7)
  2 iguanas
  4 adders
  2 shadow imps
  A white imp (D:7)
  3 ufetubi
  A worm (D:5)
  3 dart slugs
  16 orcs
  8 ball pythons
  10 bats
  4 endoplasms
  5 giant cockroaches
  2 hobgoblins
  6 jackals
  2 quokkas (D:4)
  3 frilled lizards
  12 goblins
  8 kobolds
  10 rats
130 creatures vanquished.

Vanquished Creatures (others)
  A plant (D:5)
1 creature vanquished.

Grand Total: 131 creatures vanquished

Notes
Turn   | Place    | Note
-------+----------+-------------------------------------------
     0 | D:1      | oldriver the Naga Artificer began the quest for the Orb.
     0 | D:1      | Reached XP level 1. HP: 18/18 MP: 1/1
    85 | D:1      | Reached skill level 2 in Stealth
   174 | D:1      | Reached XP level 2. HP: 24/25 MP: 2/2
   262 | D:1      | Reached skill level 3 in Stealth
   467 | D:1      | Reached XP level 3. HP: 32/32 MP: 3/3
   692 | D:2      | Reached skill level 4 in Stealth
  1086 | D:2      | You fall into a shaft and drop 1 floor!
  1625 | D:3      | Reached XP level 4. HP: 39/39 MP: 4/4
  1772 | D:3      | Reached skill level 5 in Stealth
  1874 | D:4      | Found Laing's Antique Weapon Boutique.
  2293 | D:4      | Found Voce's Antique Weapon Emporium.
  2302 | D:4      | Found Mumetuim's Jewellery Boutique.
  2303 | D:4      | Found Gaych's Antique Weapon Boutique.
  2550 | D:4      | Found Idumunic's Armour Shoppe.
  2598 | D:4      | Noticed an ogre
  2610 | D:3      | Reached XP level 5. HP: 46/46 MP: 5/5
  2686 | D:4      | Killed an ogre
  2687 | D:4      | Reached skill level 1 in Short Blades
  2687 | D:4      | Reached skill level 6 in Stealth
  3034 | D:4      | Reached XP level 6. HP: 40/55 MP: 6/6
  3097 | D:5      | Entered Level 5 of the Dungeon
  3332 | D:5      | Found Xoin's Hydra Hut.
  3342 | D:5      | Noticed an eight-headed hydra
  3746 | D:5      | Reached skill level 7 in Stealth
  3933 | D:5      | Found a hide-covered altar of Uskayaw.
  4133 | D:6      | Noticed an orc warrior
  4187 | D:6      | Noticed Menkaure
  4196 | D:6      | Killed Menkaure
  4197 | D:6      | Reached XP level 7. HP: 50/62 MP: 7/7
  4388 | D:6      | Reached skill level 8 in Stealth
  4514 | D:6      | Found a staircase to the Ecumenical Temple.
  4661 | D:6      | Reached skill level 9 in Stealth
  5012 | D:6      | Found an opulent altar of Gozag.
  5051 | D:6      | Reached XP level 8. HP: 35/72 MP: 8/8
  5070 | D:6      | Reached skill level 10 in Stealth
  5340 | D:6      | Reached skill level 5 in Evocations
  5538 | D:6      | Reached skill level 1 in Dodging
  5950 | Temple   | Entered the Ecumenical Temple
  5993 | Temple   | Became a worshipper of the Wu Jian Council
  6070 | D:6      | Reached skill level 11 in Stealth
  6668 | D:7      | Reached skill level 5 in Fighting
  7124 | D:7      | Reached XP level 9. HP: 37/76 MP: 9/9
  7133 | D:7      | Identified a scroll of acquirement
  7133 | D:7      | Acquired the +8 quick blade of Upheaval {vorpal, Fly Will+
                  | rCorr Dex+9}
  7379 | D:7      | Reached skill level 12 in Stealth
  7445 | D:7      | HP: 2/78 [wight/+3 short sword (7)]
  7446 | D:7      | Mangled by a wight

Illustrated notes

Levels and vault maps discovered:
D:1:      dpeg_arrival_arbitrary_c, layout_basic
D:2:      layout_basic, minmay_misc_feat_pillars
D:3:      layout_basic
D:4:      layout_rooms, serial_shops,
          nicolae_shop_temple_entry_statues_fountains,
          nicolae_shop_hallway_stairs, shop, nicolae_shop_hallway_stairs,
          nicolae_shop_crystal
D:5:      layout_loops_ring, general_overflow_altar, roderic_batcave,
          doesnt_shop_hydraphobe
D:6:      layout_rooms, nicolae_gozag_seed_capital, temple_pool_b, uniq_menkaure
D:7:      layout_gridville
Temple:   nicolae_temple_ecumenical_triangle

Skill      XL: |  1  2  3  4  5  6  7  8  9 |
---------------+----------------------------+-----
Stealth        | 2 3 4 5 6 7 9 11 12 | 12.0
Fighting       | 2 3 4 5 |  5.4
Short Blades   | 1 2 3 4 |  4.7
Evocations     | 4 5 |  5.0
Dodging        | 2 |  2.0
Armour         | 2 |  2.0

Action                   |  1- 3 |  4- 6 |  7- 9 || total
-------------------------+-------+-------+-------++-------
Melee: Club              |    17 |       |       ||    17
       Dagger            |    43 |   115 |   250 ||   408
       Punch             |     1 |       |     4 ||     5
       Quick blade       |       |       |    17 ||    17
Throw: Dart              |       |       |     8 ||     8
Invok: Lunge             |       |       |    10 ||    10
 Abil: Spit Poison       |    44 |    36 |    24 ||   104
Evoke: Wand              |       |     7 |    14 ||    21
  Use: Scroll            |       |    10 |     3 ||    13
       Potion            |       |     1 |     6 ||     7
 Stab: Sleeping          |     1 |       |     1 ||     2
Armor: Leather armour    |    18 |    69 |    66 ||   153
Dodge: Dodged            |    45 |    98 |   109 ||   252

Table legend: (Time is in decaauts)
 A = Elapsed time spent in this place.
 B = Non-inter-level travel time spent in this place.
 C = Inter-level travel time spent in this place.
 D = Time resting spent in this place.
 E = Time spent auto-exploring this place.
 F = Levels seen in this place.
 G = Mean time per level.
                   A        B        C        D        E       F      G
               +--------+--------+--------+--------+--------+-----+--------+
         Total |   8951 |   8447 |    504 |   2131 |   4483 |   8 | 1118.9 |
       Dungeon |   8873 |   8387 |    486 |   2131 |   4441 |   7 | 1267.6 |
        Temple |     78 |     60 |     18 |      0 |     42 |   1 |   78.0 |
               +--------+--------+--------+--------+--------+-----+--------+

Top non-repeatable levels by time:
     D:6: 2328 daAuts
     D:5: 1375 daAuts
     D:7: 1267 daAuts
     D:3: 1184 daAuts
     D:4: 980 daAuts
     D:2: 915 daAuts
     D:1: 821 daAuts
  Temple: 78 daAuts
